 Dungeon Crawl Stone Soup version 0.27-a0-808-g60bc5d92e6 (webtiles) character file.

Game seed: 9199483661238358804

7 rageheart7 the Covered (level 1, -4/15 HPs)
             Began as a Demonspawn Wanderer on Mar 28, 2021.
             Killed from afar by Natasha (7 damage)
             ... with a magic dart
             ... on level 2 of the Dungeon.
             The game lasted 00:00:45 (378 turns).

rageheart7 the Covered (Demonspawn Wanderer)         Turns: 378, Time: 00:00:47

Health: -4/15      AC:  8    Str: 12    XL:     1   Next: 83%
Magic:  1/3        EV:  8    Int: 12    God:
Gold:   27         SH:  0    Dex: 13    Spells: 3/4 levels left

rFire    . . .     SeeInvis +   a - +0 dagger
rCold    . . .     Faith    .   (no shield)
rNeg     . . .     Spirit   .   d - +2 scale mail
rPois    .         Reflect  .   (no helmet)
rElec    .         Harm     .   (no cloak)
rCorr    .         Rampage  .   (no gloves)
Will     .....                  (no boots)
Stlth    ..........             (no amulet)
HPRegen  0.05/turn              b - ring of see invisible
MPRegen  0.08/turn              (no ring)

@: very slightly contaminated, slowed, very slow
A: no striking features
a: no special abilities


You were on level 2 of the Dungeon.
You visited 1 branch of the dungeon, and saw 2 of its levels.

You collected 27 gold pieces.

Inventory:

Hand Weapons
 a - a +0 dagger (weapon)
Armour
 d - a +2 scale mail (worn)
Jewellery
 b - a ring of see invisible (left hand)
Potions
 c - a potion of lignification


   Skills:
 * Level 1.5 Fighting
 * Level 1.4 Axes
 - Level 2.6 Armour
 - Level 2.0 Spellcasting
 - Level 1.0 Air Magic
 - Level 2.0 Evocations


You had 3 spell levels left.
You knew the following spells:

 Your Spells              Type           Power      Damage    Failure   Level
a - Summon Small Mammal   Summ           4%         N/A       80%         1

Your spell library contained the following spells:

 Spells                   Type           Power      Damage    Failure   Level
 Magic Dart               Conj           4%         1d3       80%         1
 Blink                    Tloc           N/A        N/A       90%         2
 Call Imp                 Summ           1%         N/A       90%         2
 Slow                     Hex            1%         N/A       90%         2
 Mephitic Cloud           Conj/Pois/Air  1%         N/A       98%         3
 Call Canine Familiar     Summ           1%         N/A       99%         3
 Conjure Flame            Conj/Fire      1%         6-21      99%         3


Dungeon Overview and Level Annotations

Branches:
Dungeon (1/15)

Altars:

Annotations:
D:2 Natasha


Message History

You feel yourself slow down.
Casting: Summon Small Mammal (safe; 80% risk of failure)
Confirm with . or Enter, or press ? or * to list all spells.
You miscast Summon Small Mammal.
Nothing appears to happen.
Natasha claws you but does no damage.
Casting: Summon Small Mammal (safe; 80% risk of failure)
Confirm with . or Enter, or press ? or * to list all spells.
You miscast Summon Small Mammal.
Nothing appears to happen.
Natasha claws you but does no damage. Natasha casts a spell at you.
You feel as though you will be slow longer.
Unknown command.
You hit Natasha.
Natasha is lightly wounded.
Natasha claws you.
You barely miss Natasha.
Natasha is lightly wounded.
Natasha claws you but does no damage. Natasha barely misses you.
You barely miss Natasha.
Natasha is lightly wounded.
Natasha barely misses you.
You barely miss Natasha.
Natasha is lightly wounded.
Natasha mumbles some strange words.
Natasha barely misses you.
You hit Natasha but do no damage.
Natasha is lightly wounded.
Natasha claws you. The iron imp hits you.
You closely miss Natasha.
Natasha is lightly wounded.
Natasha barely misses you.
The iron imp hits you but does no damage.
Natasha claws you.
You barely miss Natasha.
Natasha is lightly wounded.
The iron imp hits you!
* * * LOW HITPOINT WARNING * * *
Natasha stares at you and mumbles some strange words.
The magic dart hits you!
You die...

... #.#
##.##
##...#
#....#
#####....#
#......###
#.###..#
#.@#
#5.h......
##.#######
#.# #.#
..# ###


You could see an iron imp (summoned) and Natasha.

Vanquished Creatures
  A dart slug (D:1)
  2 ball pythons (D:1)
  2 frilled lizards (D:1)
  A kobold (D:1)
6 creatures vanquished.

Notes
Turn   | Place    | Note
-------+----------+-------------------------------------------
     0 | D:1      | rageheart7 the Demonspawn Wanderer began the quest for the
                  | Orb.
     0 | D:1      | rageheart7 set off with the following items: a +0 dagger, a
                  | potion of lignification, a +2 scale mail; and the following
                  | spell memorised: Summon Small Mammal; and the following
                  | spells available to memorise: Call Canine Familiar
     0 | D:1      | Reached XP level 1. HP: 15/15 MP: 3/3
   364 | D:1      | You fall into a shaft and drop 1 floor!
   368 | D:2      | Noticed Natasha
   376 | D:2      | Noticed an iron imp
   378 | D:2      | Killed from afar by Natasha

Illustrated notes

Levels and vault maps discovered:
D:1:      minmay_arrival_five_plusses, layout_basic
D:2:      layout_loops_corners, guppyfry_early_lair_pool, uniq_natasha

Action                   || total
-------------------------++-------
Melee: Dagger            ||    35
Armor: Scale mail        ||    25
Dodge: Dodged            ||    11

Table legend: (Time is in decaauts)
 A = Elapsed time spent in this place.
 B = Non-inter-level travel time spent in this place.
 C = Inter-level travel time spent in this place.
 D = Time resting spent in this place.
 E = Time spent auto-exploring this place.
 F = Levels seen in this place.
 G = Mean time per level.
                   A        B        C        D        E       F      G
               +--------+--------+--------+--------+--------+-----+--------+
         Total |    381 |    381 |      0 |      0 |    321 |   2 |  190.5 |
       Dungeon |    381 |    381 |      0 |      0 |    321 |   2 |  190.5 |
               +--------+--------+--------+--------+--------+-----+--------+

Top non-repeatable levels by time:
     D:1: 363 daAuts
     D:2: 17 daAuts
